 Dungeon Crawl Stone Soup version 0.30-a0-263-ge22c4ad894 (webtiles) character file.

Game seed: 17401556762990242169

861 sscrono2 the Insei (level 8, -3/52 HPs)
             Began as an Octopode Delver on Oct 13, 2022.
             Slain by a yak (14 damage)
             ... on level 5 of the Dungeon.
             The game lasted 00:07:34 (3821 turns).

sscrono2 the Insei (Octopode Delver)                Turns: 3821, Time: 00:07:35

Health: -3/52      AC:  1    Str: 13    XL:     8   Next: 2%
Magic:  19/19      EV: 13    Int: 13    God:
Gold:   342        SH:  5    Dex: 13    Spells: 6/10 levels left

rFire   . . .      SeeInvis .    i - +0 lajatang
rCold   . . .      Faith    .    (shield currently unavailable)
rNeg    . . .      Spirit   .    (helmet restricted)
rPois   .          Reflect  +    m - amulet of reflection
rElec   .          Harm     .    h - ring of magical power
rCorr   .          Rampage  .    (no ring)
Will    .....                    (no ring)
Stlth   ++++......               (no ring)
HPRegen 0.28/turn                (no ring)
MPRegen 0.16/turn                (no ring)
                                 (no ring)
                                 (no ring)

@: hasted, very quick
A: almost no armour, amphibious, 8 rings, camouflage 1, gelatinous body 1,
(nimble swimmer 1), tentacles
a: no special abilities


You were on level 5 of the Dungeon.
You visited 1 branch of the dungeon, and saw 5 of its levels.

You collected 342 gold pieces.

Inventory:

Hand Weapons
 i - a +0 lajatang (weapon)
Armour
 u - a +0 tower shield
Jewellery
 h - a ring of magical power (left tentacle)
 m - an amulet of reflection (around mantle)
 o - an amulet of magic regeneration
Wands
 e - a wand of digging (3)
 n - a wand of mindburst (24)
Scrolls
 a - a scroll of fog
 b - 2 scrolls of magic mapping
 g - 2 scrolls of blinking
 j - 2 scrolls of enchant armour
 l - a scroll of torment
 q - a scroll of vulnerability
 s - 2 scrolls of poison
 v - a scroll of noise
Potions
 d - a potion of haste
 f - 2 potions of flight {unknown}
 k - a potion of cancellation {unknown}
 p - a potion of might {unknown}
 r - a potion of attraction {unknown}
 t - 2 potions of heal wounds
 w - a potion of brilliance {unknown}
 x - a potion of ambrosia {unknown}
 z - a potion of mutation {unknown}


   Skills:
 - Level 3.0 Fighting
 - Level 2.0 Dodging
 - Level 6.6 Stealth
 + Level 1.7 Shields
 + Level 7.0 Unarmed Combat
 + Level 1.7 Spellcasting
 * Level 3.0 Transmutations
 * Level 2.8 Ice Magic


You had 6 spell levels left.
You knew the following spells:

 Your Spells              Type           Power      Damage    Failure   Level
a - Ice Form              Ice/Tmut       8%         N/A       61%         4

Your spell library contained the following spells:

 Spells                   Type           Power      Damage    Failure   Level
 Apportation              Tloc           2%         N/A       26%         1
 Magic Dart               Conj           4%         1d3       26%         1
 Call Imp                 Summ           1%         N/A       36%         2
 Lesser Beckoning         Tloc           2%         N/A       61%         3
 Mephitic Cloud           Conj/Pois/Air  1%         N/A       61%         3
 Vhi's Electric Charge    Tloc/Air       2%         N/A       61%         3
 Olgreb's Toxic Radiance  Pois           1%         N/A       95%         4
 Metabolic Englaciation   Hex/Ice        2%         N/A       99%         5
 Ozocubu's Refrigeration  Ice            4%         4d8       100%        7
 Ignition                 Fire           0%         3d3       100%        8


Dungeon Overview and Level Annotations

Branches:
Dungeon (5/15)
 Temple: D:4-7

Altars:
Vehumet

Shops:
D:3 :

Annotations:
D:3 2 transporters, osoart's ghost, amateur DgCj


Innate Abilities, Weirdness & Mutations

You cannot wear most types of armour.
You are amphibious.
You can wear up to eight rings at the same time.
Your skin changes colour to match your surroundings (Stealth+).
Your rubbery body absorbs attacks. (AC +1, EV +1)
((You are camouflaged when in or above water. (Stealth+)))
You have tentacles for arms and can constrict up to eight enemies at once.


Message History

The yak is moderately wounded.
You block the yak's attack.
You slash the yak!
The yak is severely wounded.
The yak closely misses you.
You slash the yak!
You kill the yak!
Your Transmutations skill increases to level 3!
You have reached level 8!
You see here a yak corpse.
The yak bellows! x2
You hit the yak. Your squeeze misses the yak.
The yak is lightly wounded.
The yak gores you!
You hit the yak but do no damage. You squeeze the yak!
The yak is heavily wounded.
The yak gores you!
You hit the yak.
The yak is heavily wounded.
The yak gores you.
You closely miss the yak.
The yak is heavily wounded.
The yak gores you!
* * * LOW HITPOINT WARNING * * *
Unknown command.
As you read the scroll of fear, it crumbles to dust.
You assume a fearsome visage.
The yak looks frightened! x3
Aiming: Mindburst
Press: ? - help, Shift-Dir - straight line, f - yak
Aim: a yak (heavily wounded, fleeing, chance to affect: 64%)
Your attack snaps the yak out of its fear.
The yak struggles to resist.
Aiming: Mindburst
Press: ? - help, Shift-Dir - straight line, f/p - yak
Aim: a yak (heavily wounded, chance to affect: 64%)
The yak's mind is blasted!!
You barely miss the yak.
The yak is almost dead.
The yak gores you!
You die...

### ##.### ..###
###..# ....#
####....#
....###....##.#
........#####.####
...##.......#....#
...##..>###.####[#
...##.#.# #.# #Y#
...##...###.#
#@####
...####.....#
#....# ...#
#.##### ####.#
...# #.# #.#####
...# #.# #..†..#
...# #.# #####.#
...# #.# #.# ####
#.# #.###
#.######### #...#


You could see a yak.

Vanquished Creatures
  Sigmund (D:4)
  A yak (D:5)
  Eustachio (D:5)
  An ogre (D:5)
  A howler monkey (D:5)
  A jelly (D:5)
  2 orc priests
  A hound (D:5)
  An iguana (D:4)
  7 adders
  A shadow imp (D:5)
  3 worms
  3 dart slugs
  5 orcs
  6 endoplasms
  3 giant cockroaches
  11 goblins
  4 hobgoblins
  7 jackals (D:4)
  4 quokkas
  7 ball pythons
  4 bats
  3 frilled lizards
  5 kobolds
  3 rats
86 creatures vanquished.

Notes
Turn   | Place    | Note
-------+----------+-------------------------------------------
     0 | D:5      | sscrono2 the Octopode Delver began the quest for the Orb.
     0 | D:5      | Reached XP level 1. HP: 16/16 MP: 1/1
    33 | D:5      | Noticed a yak
    33 | D:5      | Noticed a yak
    33 | D:5      | Noticed a yak
    62 | D:5      | Noticed a hound
   178 | D:5      | Noticed Eustachio
   183 | D:5      | Killed Eustachio
   184 | D:5      | Reached skill level 5 in Unarmed Combat
   184 | D:5      | Reached XP level 2. HP: 9/21 MP: 2/2
   184 | D:5      | Reached XP level 3. HP: 12/26 MP: 3/3
   184 | D:5      | Reached XP level 4. HP: 14/31 MP: 4/4
   184 | D:5      | Reached XP level 5. HP: 17/36 MP: 5/5
   191 | D:4      | Noticed Sigmund
   263 | D:4      | Killed Sigmund
   264 | D:4      | Reached skill level 6 in Unarmed Combat
   264 | D:4      | Reached XP level 6. HP: 42/42 MP: 6/6
   301 | D:4      | Got Dyfyckez's Spellbook of the Algid Compass
   307 | D:4      | Learned a level 4 spell: Ice Form
   557 | D:3      | Found a transporter.
   558 | D:3      | Found a transporter.
   558 | D:3      | Noticed osoart's ghost (amateur DgCj)
   675 | D:3      | Found Budy's Book Emporium.
   695 | D:3      | Identified the +6 ring mail "Fyaghid" {rPois rN+ rCorr
                  | Dex+4}
   799 | D:3      | Found a radiant altar of Vehumet.
   833 | D:3      | Identified the +6 ring mail "Qiadghev" {rN+ Dex+4}
  1808 | D:2      | Reached skill level 1 in Ice Magic
  1810 | D:2      | Reached skill level 1 in Transmutations
  2608 | D:4      | Reached XP level 7. HP: 45/46 MP: 7/7
  2828 | D:4      | Identified the +5 ring mail of the Cooper {Regen+ Dex+7}
  3213 | D:5      | Reached skill level 1 in Spellcasting
  3339 | D:5      | Reached skill level 1 in Shields
  3726 | D:5      | Reached skill level 7 in Unarmed Combat
  3781 | D:5      | Noticed a yak
  3806 | D:5      | Killed a yak
  3807 | D:5      | Reached XP level 8. HP: 52/52 MP: 10/10
  3821 | D:5      | Slain by a yak

Illustrated notes

Levels and vault maps discovered:
D:1:      dpeg_arrival_court, layout_rooms, chequers_avenue
D:2:      layout_loops_ring, kennysheep_generic_room_16
D:3:      layout_basic, lemuel_tele_altar, serial_shops, nicolae_shop_stone,
          gammafunk_ghost_arena
D:4:      layout_basic, bh_walls_and_bars, uniq_sigmund
D:5:      layout_basic, uniq_eustachio, uniq_pikel

Skill      XL: |  1  2  3  4  5  6  7 |
---------------+----------------------+-----
Unarmed Combat | 5 6 7 |  7.0
Ice Magic      | 1 2 |  2.8
Transmutations | 1 3 |  3.0
Spellcasting   | 1 |  1.7
Shields        | 1 |  1.7
Fighting       | |  3.0
Dodging        | |  2.0
Stealth        | |  6.6

Action                   |  1- 3 |  4- 6 |  7- 9 || total
-------------------------+-------+-------+-------++-------
Melee: Lajatang          |     4 |   114 |    44 ||   162
       Tentacles         |     3 |    20 |    11 ||    34
       Constrict         |     1 |    26 |     9 ||    36
       Punch             |       |     1 |       ||     1
Evoke: Wand              |       |       |     5 ||     5
  Use: Scroll            |       |       |     8 ||     8
       Potion            |       |       |     1 ||     1
 Stab: Sleeping          |       |    22 |     4 ||    26
Armor: Skin              |       |     7 |       ||     7
Dodge: Dodged            |     3 |    62 |    26 ||    91
Block: Other             |       |    19 |     3 ||    22
       Reflection        |       |     1 |       ||     1

Table legend: (Time is in decaauts)
 A = Elapsed time spent in this place.
 B = Non-inter-level travel time spent in this place.
 C = Inter-level travel time spent in this place.
 D = Time resting spent in this place.
 E = Time spent auto-exploring this place.
 F = Levels seen in this place.
 G = Mean time per level.
                   A        B        C        D        E       F      G
               +--------+--------+--------+--------+--------+-----+--------+
         Total |   3876 |   3769 |    107 |    330 |   2680 |   5 |  775.2 |
       Dungeon |   3876 |   3769 |    107 |    330 |   2680 |   5 |  775.2 |
               +--------+--------+--------+--------+--------+-----+--------+

Top non-repeatable levels by time:
     D:5: 1020 daAuts
     D:3: 788 daAuts
     D:2: 779 daAuts
     D:4: 731 daAuts
     D:1: 555 daAuts
